 Dungeon Crawl Stone Soup version 0.28-a0-1404-g4df0f3684d (webtiles) character file.

Game seed: 12304649728180843050

1628 blank1 the Magician (level 9, -2/65 HPs)
             Began as a Djinni Fire Elementalist on Jan 6, 2022.
             Slain by a yak (15 damage)
             ... on level 5 of the Dungeon.
             The game lasted 00:23:12 (7102 turns).

blank1 the Magician (Djinni Fire Elementalist)      Turns: 7102, Time: 00:23:14

Health: -2/65      AC:  5    Str:  7    XL:     9   Next: 18%
Gold:   243        EV: 16    Int: 19    God:
                   SH:  0    Dex: 22

rFire   + + +      SeeInvis .   p - staff of fire
rCold   . . .      Faith    .   (no shield)
rNeg    . . .      Spirit   .   a - +0 robe
rPois   ∞          Reflect  .   n - +0 helmet
rElec   .          Harm     .   (no cloak)
rCorr   .          Rampage  .   c - +1 pair of gloves
Will    .....                   (boots unavailable)
Stlth   +++.......              (no amulet)
HPRegen 0.20/turn               r - ring of protection from cold
MPRegen 0.00/turn               u - +6 ring of dexterity

@: flying
A: sickness immunity, fire resistance 2, cold vulnerability 1, float, innate
caster, hp casting, extra vitality 1
a: no special abilities


You were on level 5 of the Dungeon.
You visited 1 branch of the dungeon, and saw 6 of its levels.

You collected 243 gold pieces.

Inventory:

Hand Weapons
 v - a +0 dagger of venom
Armour
 a - a +0 robe (worn)
 c - a +1 pair of gloves (worn)
 n - a +0 helmet (worn)
Magical Staves
 p - a staff of fire (weapon)
Jewellery
 h - a ring of positive energy
 r - a ring of protection from cold (left hand)
 u - a +6 ring of dexterity (right hand)
Wands
 j - a wand of flame (22)
 w - a wand of iceblast (9)
Scrolls
 e - a scroll of silence
 g - a scroll of fog {unknown}
 i - 2 scrolls of teleportation
 s - a scroll of blinking {unknown}
Potions
 b - 2 potions of haste
 f - 2 potions of mutation
 k - 2 potions of heal wounds {unknown}
 l - a potion of flight {unknown}
 m - 2 potions of brilliance
 o - 4 potions of curing
 t - a potion of cancellation


   Skills:
 + Level 5.0 Fighting
 - Level 6.0 Dodging
 - Level 4.0 Stealth
 - Level 6.0 Spellcasting


You couldn't memorise any spells.
You knew the following spells:

 Your Spells              Type           Power      Damage    Failure   Level
a - Foxfire               Conj/Fire      100%       2x1d9     1%          1
b - Scorch                Fire           84%        2d9       1%          2
c - Conjure Flame         Conj/Fire      42%        6-21      2%          3
d - Inner Flame           Hex/Fire       42%        N/A       2%          3
e - Flame Wave            Conj/Fire      42%        2d8       10%         4
f - Sting                 Tmut/Pois      100%       1d8       1%          1
g - Call Imp              Summ           28%        N/A       1%          2
h - Gell's Gravitas       Tloc           28%        N/A       2%          3
i - Animate Armour        Summ/Erth      56%        N/A       10%         4
Your spell library was empty.

Dungeon Overview and Level Annotations

Branches:
Dungeon (6/15)
 Temple: D:4-7

Altars:
Ashenzari
Elyvilon
Fedhas
Kikubaaqudgha
Makhleb
Nemelex Xobeh
Vehumet

Shops:
D:5 **

Annotations:
D:5 exclusion: oklob plant


Innate Abilities, Weirdness & Mutations

You are immune to sickness and miasma.
You are immune to poison.
Your flesh is very heat resistant. (rF++)
You are vulnerable to cold. (rC-)
You float through the air rather than walking.
You learn spells naturally, not from books.
Your magical power is your life essence.
You have superior vitality. (+4 MHP)


Message History

You finish channelling waves of flame.
You hear a shout!
A water moccasin comes into view.
The yak gores you! The yak closely misses you.
Unknown command.
You hear a zap.
You hear a grinding noise.
The yak completely misses you. The yak barely misses you.
The yak gores you but does no damage.
You fly upwards.
Level annotation: exclusion: oklob plant
There is a stone staircase leading down here.
Casting: Flame Wave (dangerous; 10% risk of failure)
Confirm with . or Enter, or press ? or * to list all spells.
You feel a surge of power!
Flames lash the yak.
The yak is moderately wounded.
The yak's fire resistance burns away.
The yak gores you but does no damage. The yak barely misses you.
The yak closely misses you.
Unknown command.
Casting: Scorch (safe; 1% risk of failure)
Confirm with . or Enter, or press ? or * to list all spells.
You feel a surge of power!
Flames lash the yak.
You kill the yak!
The yak closely misses you. The yak gores you! x2
Training target 6.0 for Dodging reached!
Your Dodging skill increases to level 6!
You need to enable at least one skill for training.
Casting: Scorch (safe; 1% risk of failure)
Confirm with . or Enter, or press ? or * to list all spells.
You feel a surge of power!
Flames lash the yak but do no damage.
* * * LOW HITPOINT WARNING * * *
The yak barely misses you. The yak misses you. The yak gores you.
* * * LOW HITPOINT WARNING * * *
Unknown command.
Casting: Scorch (safe; 1% risk of failure)
Confirm with . or Enter, or press ? or * to list all spells.
You feel a surge of power!
Flames lash the yak.
The yak is burned terribly!
The yak is severely wounded.
* * * LOW HITPOINT WARNING * * *
The yak barely misses you. The yak closely misses you. The yak gores you!
You die...

#.# #.# #P#PP..≈≈≈≈≈. #.#
#.#####..P..≈≈≈≈≈≈≈
#.#####...##P##..≈≈≈≈≈≈≈≈
####.....##P#P#.≈≈≈≈≈≈≈≈≈
##♣∩♣####..###PPP.≈≈≈≈...≈≈
#.....###..####PP......_.≈≈
#...........##PPP.≈≈≈≈...≈≈
#......###Y##P.P..≈≈≈≈≈≈≈≈≈
##♣∩♣### #@##.PPP..≈≈≈≈≈≈≈≈
### #YY#PPPP...≈≈≈≈≈≈≈
#.##P..PPP..≈≈≈≈≈.
#.##PP.PPP#.......
#.##P..#PP.PPPP.PP
#..#PP..#P.P.PPPP# ####


.P.#PPPP#PP#P #P #PPP#.P.P# # ########## You could see 3 yaks.

Vanquished Creatures
  Grinder (D:5)
  The ghost of Clumpoid the Poker, an amateur VSFi of Cheibriados (D:4)
  A yak (D:5)
  A water moccasin (D:5)
  A sky beast (D:5)
  An ogre (D:5)
  Blork the orc (D:4)
  A kobold brigand (D:5)
  A scorpion (D:4)
  2 water moccasin skeletons
  A howler monkey (D:4)
  A hound (D:4)
  An orc priest (D:3)
  4 iguanas
  Natasha (thrice) (D:2)
  An orc wizard (D:3)
  Robin (D:2)
  8 adders
  A white imp (D:5)
  An adder skeleton (D:4)
  5 worms
  2 dart slugs (D:1)
  21 orcs
  10 endoplasms
  2 giant cockroaches
  15 goblins
  6 hobgoblins
  3 jackals (D:2)
  2 quokkas
  9 ball pythons
  8 bats
  4 frilled lizards
  14 kobolds
  4 rats
138 creatures vanquished.

Vanquished Creatures (collateral kills)
  An endoplasm (D:2)
1 creature vanquished.

Vanquished Creatures (others)
  312 foxfires
  4 fungi (D:5)
  13 plants (D:5)
329 creatures vanquished.

Grand Total: 468 creatures vanquished

Notes
Turn   | Place    | Note
-------+----------+-------------------------------------------
     0 | D:1      | blank1 the Djinni Fire Elementalist began the quest for the
                  | Orb.
     0 | D:1      | Reached XP level 1. HP: 15/15 MP: 0/0
   187 | D:1      | Reached XP level 2. HP: 19/22 MP: 0/0
   430 | D:1      | Reached XP level 3. HP: 24/26 MP: 0/0
   430 | D:1      | Learned a level 1 spell: Sting
   460 | D:1      | Reached skill level 1 in Fighting
   716 | D:1      | Found a faded altar of an unknown god.
  1054 | D:2      | Noticed Natasha
  1058 | D:2      | Killed Natasha
  1059 | D:2      | Reached XP level 4. HP: 23/32 MP: 0/0
  1361 | D:2      | Noticed Natasha
  1366 | D:2      | Killed Natasha
  1453 | D:2      | Noticed Natasha
  1461 | D:2      | Killed Natasha
  1462 | D:2      | Reached XP level 5. HP: 28/37 MP: 0/0
  1462 | D:2      | Learned a level 2 spell: Call Imp
  1740 | D:2      | Noticed Robin
  1747 | D:2      | Killed Robin
  2790 | D:3      | Reached XP level 6. HP: 40/43 MP: 0/0
  3704 | D:3      | Found a sparkling altar of Nemelex Xobeh.
  3861 | D:4      | Reached XP level 7. HP: 45/49 MP: 0/0
  3861 | D:4      | Learned a level 3 spell: Gell's Gravitas
  3936 | D:4      | Reached skill level 5 in Dodging
  4422 | D:4      | Noticed Blork the orc
  4432 | D:4      | Killed Blork the orc
  5027 | D:5      | Entered Level 5 of the Dungeon
  5052 | D:5      | Reached XP level 8. HP: 51/58 MP: 0/0
  5519 | D:5      | Reached skill level 5 in Spellcasting
  5689 | D:5      | Found a runed translucent gate.
  5690 | D:5      | Found a runed translucent gate.
  5690 | D:5      | Found a runed translucent gate.
  5862 | D:5      | Found a blossoming altar of Fedhas.
  5905 | D:5      | Noticed an oklob plant
  6085 | D:5      | Noticed Grinder
  6090 | D:5      | Killed Grinder
  6237 | D:5      | Found Pomyhaegh's Specific Store.
  6239 | D:5      | Found Uxofoan's General Store.
  6321 | D:5      | Noticed Clumpoid's ghost (amateur VSFi)
  6566 | D:4      | Killed Clumpoid's ghost
  6567 | D:4      | Reached skill level 5 in Fighting
  6567 | D:4      | Reached XP level 9. HP: 13/65 MP: 0/0
  6567 | D:4      | Learned a level 4 spell: Animate Armour
  7093 | D:6      | Found a broken altar of Ashenzari.
  7093 | D:6      | Found a white marble altar of Elyvilon.
  7093 | D:6      | Found a burning altar of Makhleb.
  7102 | D:5      | Slain by a yak

Illustrated notes

Levels and vault maps discovered:
D:1:      saegor_arrival_fortress, layout_rooms,
          shapermc_ecumenical_altar_rom_forum
D:2:      layout_loops_ring, uniq_robin, uniq_natasha
D:3:      layout_rooms, fiery_altar_vehumet, nemelex_dance_club_becter,
          grunt_ministairs_10, dk_noncrumbling_4, minmay_ruptured
D:4:      layout_loops_ring, mainiacjoe_overflow_tiny_flanked,
          uniq_blork_the_orc
D:5:      layout_loops_ring, tgw_fedhas, gammafunk_ghost_nasty_kobolds,
          nicolae_specific_store, uniq_grinder
D:6:      layout_cave_pools, grunt_temple_overflow_open, uniq_edmund,
          uniq_sigmund, uniq_duvessa

Skill      XL: |  1  2  3  4  5  6  7  8  9 |
---------------+----------------------------+-----
Stealth        | 2 3 4 |  4.0
Fighting       | 1 2 4 5 |  5.0
Dodging        | 3 4 5 6 |  6.0
Spellcasting   | 3 4 6 |  6.0

Action                   |  1- 3 |  4- 6 |  7- 9 || total
-------------------------+-------+-------+-------++-------
Melee: Unarmed           |     1 |       |       ||     1
       Dagger            |       |     4 |     5 ||     9
       Staff             |       |       |     6 ||     6
 Cast: Foxfire           |    38 |    84 |    60 ||   182
       Scorch            |     7 |    43 |    61 ||   111
       Call Imp          |       |     2 |     2 ||     4
       Conjure Flame     |       |     1 |     4 ||     5
       Gell's Gravitas   |       |       |     4 ||     4
       Flame Wave        |       |       |     2 ||     2
  Use: Scroll            |       |       |    11 ||    11
 Stab: Sleeping          |       |     3 |     1 ||     4
Armor: Robe              |       |     3 |     7 ||    10
Dodge: Dodged            |     1 |    19 |    34 ||    54

Table legend: (Time is in decaauts)
 A = Elapsed time spent in this place.
 B = Non-inter-level travel time spent in this place.
 C = Inter-level travel time spent in this place.
 D = Time resting spent in this place.
 E = Time spent auto-exploring this place.
 F = Levels seen in this place.
 G = Mean time per level.
                   A        B        C        D        E       F      G
               +--------+--------+--------+--------+--------+-----+--------+
         Total |   7104 |   6792 |    312 |    997 |   4741 |   6 | 1184.0 |
       Dungeon |   7104 |   6792 |    312 |    997 |   4741 |   6 | 1184.0 |
               +--------+--------+--------+--------+--------+-----+--------+

Top non-repeatable levels by time:
     D:5: 1660 daAuts
     D:2: 1650 daAuts
     D:4: 1616 daAuts
     D:3: 1205 daAuts
     D:1: 959 daAuts
     D:6: 12 daAuts
